 Dungeon Crawl Stone Soup version 0.20.1-1-g8b1a95d (webtiles) character file.

149 equalderp2856 the Skirmisher (level 5, 0/41 HPs)
             Began as a Mummy Fighter on Oct 25, 2017.
             Killed from afar by an orc wizard (3 damage)
             ... with a magic dart
             ... on level 3 of the Dungeon.
             The game lasted 00:04:07 (2112 turns).

equalderp2856 the Skirmisher (Mummy Fighter)        Turns: 2112, Time: 00:04:08

Health: 0/41       AC:  6    Str: 19    XL:     5   Next: 9%
Magic:  6/6        EV:  7    Int:  8    God:
Gold:   86         SH:  9    Dex: 12    Spells: 6/6 levels left

rFire    x . .     SeeInvis .   a - +0 war axe
rCold    + . .     Gourm    .   c - +0 shield
rNeg     + + +     Faith    .   b - +0 scale mail
rPois    ∞         Spirit   .   (no helmet)
rElec    .         Reflect  .   (no cloak)
rCorr    .         Harm     .   (no gloves)
MR       .....                  (no boots)
Stlth    ..........             (no amulet)
Regen    0.2/turn               (no ring)
MPRegen  0.1/turn               (no ring)

@: slowed, very slow
A: no food or potions, fire vulnerability, cold resistance 1, negative energy
resistance 3, torment resistance, unbreathing
a: no special abilities


You were on level 3 of the Dungeon.
You were not hungry.

You visited 1 branch of the dungeon, and saw 3 of its levels.

You collected 86 gold pieces.

Inventory:

Hand Weapons
 a - a +0 war axe (weapon)
Armour
 b - a +0 scale mail (worn)
 c - a +0 shield (worn)
 h - a +0 pair of boots
Scrolls
 d - 2 scrolls of noise {unknown}
 e - 2 scrolls of remove curse
 f - 3 scrolls of identify {unknown}
 g - a scroll of recharging {unknown}
 i - a scroll of enchant armour {unknown}


   Skills:
 + Level 3.4 Fighting
 * Level 3.2 Axes
 + Level 3.1 Armour
 + Level 0.1 Dodging
 + Level 0.1 Stealth
 + Level 2.7 Shields
 * Level 1.2 Spellcasting


You had 6 spell levels left.
You didn't know any spells.

Dungeon Overview and Level Annotations

Branches:
Dungeon (3/15)

Altars:
Elyvilon
Qazlal
Sif Muna
The Shining One


Innate Abilities, Weirdness & Mutations

You do not eat or drink.
Your flesh is vulnerable to fire.
You are immune to poison.
Your flesh is cold resistant. (rC+)
You are immune to negative energy. (rN+++)
You are immune to unholy pain and torment.
You can survive without breathing.


Message History

You don't know any spells.
You don't know any spells.
You don't know any spells.
You don't know any spells.
You don't know any spells.
You don't know any spells.
You don't know any spells.
You don't know any spells.
You don't know any spells.
You don't know any spells.
You don't know any spells.
You don't know any spells.
You don't know any spells.
You don't know any spells.
The orc wizard hits you with a dagger.
* * * LOW HITPOINT WARNING * * *
You block the orc's attack.
The orc wizard points at you and mumbles some strange words.
The magic dart hits you!
You die...

#.#
#..###...##.#.).....#
#.#
#......_.....o.#.####
#.# ###.##...###o#.g.#
#.# #.###.## #.#r.##
#.# #.###.# #....# #.#
#!....####.##.#
#.##########.ogroo# .#
#........#.o.#######.#
########.....@.......#
#.#...#.#######
#.##.##.# #.##.##.#
#.##.##.###############
#.((...((.†...........#
###.###.#############.#
#.# #.# #.# #.# #.# #.#


You could see an orc wizard.

Vanquished Creatures
  An orc wizard (D:3)
  An iguana (D:3)
  An adder (D:2)
  3 gnolls
  3 dart slugs
  3 leopard geckos
  An orc (D:3)
  3 bats
  5 giant cockroaches
  A goblin (D:2)
  9 hobgoblins
  4 jackals (D:2)
  8 kobolds
  A quokka (D:2)
  2 frilled lizards
  4 rats
50 creatures vanquished.

Vanquished Creatures (others)
  A quokka (D:2)
  A ball python (D:2)
2 creatures vanquished.

Grand Total: 52 creatures vanquished

Notes
Turn   | Place    | Note
-------+----------+-------------------------------------------
     0 | D:1      | equalderp2856 the Mummy Fighter began the quest for the Orb.
     0 | D:1      | Reached XP level 1. HP: 18/18 MP: 1/1
   144 | D:1      | Reached XP level 2. HP: 16/24 MP: 2/2
   801 | D:2      | Found a stormy altar of Qazlal.
   866 | D:1      | Reached XP level 3. HP: 12/29 MP: 3/3
  1238 | D:2      | Found a white marble altar of Elyvilon.
  1571 | D:2      | Found a glowing golden altar of the Shining One.
  1573 | D:2      | Reached XP level 4. HP: 33/35 MP: 4/4
  2005 | D:3      | Found a deep blue altar of Sif Muna.
  2078 | D:3      | Reached skill level 1 in Spellcasting
  2108 | D:3      | Reached XP level 5. HP: 13/41 MP: 6/6
  2112 | D:3      | Killed from afar by an orc wizard

Skill      XL: |  1  2  3  4 |
---------------+-------------+-----
Axes           | 2 3 |  3.2
Armour         | 3 |  3.1
Spellcasting   | 1 |  1.2
Fighting       | |  3.4
Dodging        | |  0.1
Stealth        | |  0.1
Shields        | |  2.7

Action                   |  1- 3 |  4- 6 || total
-------------------------+-------+-------++-------
Melee: War axe           |   103 |    81 ||   184
  Use: Scroll            |       |     1 ||     1
Armor: Scale mail        |    52 |    33 ||    85
Dodge: Dodged            |    33 |    23 ||    56
Block: Shield            |    57 |    48 ||   105
